 Dungeon Crawl Stone Soup version 0.27-a0-1324-ge0d8e047f6 (webtiles) character file.

Game seed: 17239837186928001440

11 freelancePsychic the Caller (level 2, -1/19 HPs)
             Began as a Demonspawn Summoner on June 23, 2021.
             Slain by a jackal (2 damage)
             ... on level 1 of the Dungeon.
             The game lasted 00:03:06 (907 turns).

freelancePsychic the Caller (Demonspawn Summoner)    Turns: 907, Time: 00:03:07

Health: -1/19      AC:  2    Str:  8    XL:     2   Next: 17%
Magic:  1/5        EV: 12    Int: 16    God:
Gold:   0          SH:  0    Dex: 13    Spells: 4/5 levels left

rFire    . . .     SeeInvis .   (no weapon)
rCold    . . .     Faith    .   (no shield)
rNeg     . . .     Spirit   .   a - +0 robe
rPois    .         Reflect  .   (no helmet)
rElec    .         Harm     .   (no cloak)
rCorr    .         Rampage  .   (no gloves)
Will     .....                  (no boots)
Stlth    ++........             (no amulet)
HPRegen  0.06/turn              (no ring)
MPRegen  0.09/turn              (no ring)

@: no status effects
A: powered by pain 1
a: no special abilities


You were on level 1 of the Dungeon.
You visited 1 branch of the dungeon, and saw 1 of its levels.

Inventory:

Armour
 a - a +0 robe (worn)
Jewellery
 b - a ring of positive energy
Scrolls
 c - a scroll of enchant weapon {unknown}
 d - a scroll of amnesia


   Skills:
 - Level 1.7 Dodging
 - Level 1.7 Stealth
 + Level 2.4 Spellcasting
 + Level 4.2 Summonings


You had 4 spell levels left.
You knew the following spells:

 Your Spells              Type           Power      Damage    Failure   Level
a - Summon Small Mammal   Summ           60%        N/A       3%          1

Your spell library contained the following spells:

 Spells                   Type           Power      Damage    Failure   Level
 Call Imp                 Summ           15%        N/A       5%          2
 Call Canine Familiar     Summ           15%        N/A       11%         3
 Summon Guardian Golem    Hex/Summ       8%         N/A       26%         3
 Summon Ice Beast         Ice/Summ       8%         N/A       63%         4
 Summon Lightning Spire   Summ/Air       8%         N/A       63%         4


Dungeon Overview and Level Annotations

Branches:
Dungeon (1/15)

Altars:


Innate Abilities, Weirdness & Mutations

You sometimes gain a little power by taking damage.


Message History

Your rat bites the jackal.
You swap places.
Your bat completely misses the jackal.
The jackal barely misses you.
Your rat bites the jackal but does no damage.
You swap places.
Your bat barely misses the jackal.
Your rat closely misses the jackal.
Your bat misses the jackal. The jackal bites you.
* * * LOW HITPOINT WARNING * * *
Your rat closely misses the frilled lizard.
You hit the jackal but do no damage.
The jackal is heavily wounded.
Your bat hits the jackal but does no damage.
The quokka barely misses your rat. The jackal barely misses your bat.
The frilled lizard closely misses your bat.
Your bat closely misses the frilled lizard.
Your rat barely misses the frilled lizard.
You hit the jackal.
The jackal is severely wounded.
Your bat hits the jackal but does no damage.
The quokka bites your rat but does no damage.
The jackal bites you.
* * * LOW HITPOINT WARNING * * *
The quokka barely misses your rat.
You hit the jackal but do no damage.
The jackal is severely wounded.
Your bat closely misses the frilled lizard.
The jackal barely misses you. The jackal bites you.
* * * LOW HITPOINT WARNING * * *
The frilled lizard misses you.
Casting: Summon Small Mammal (safe; 3% risk of failure)
Confirm with . or Enter, or press ? or * to list all spells.
Your bat hits the frilled lizard.
Your rat barely misses the jackal.
The jackal closely misses you. The endoplasm hits your rat.
The quokka closely misses your rat. The frilled lizard closely misses you.
Your bat misses the frilled lizard. The jackal bites you.
* * * LOW HITPOINT WARNING * * *
Your rat closely misses the jackal.
The endoplasm hits your rat but does no damage.
The quokka misses your rat. The jackal bites you.
You die...

########## #........#
######........#
########.............#
#........#######.....#
#.......#.....##.....#
#..b.r@#^....#.#.....#
#...lh#######..#..#.###
#....r# .#..#.#..
#...rJ# #..#....
#.....# .#..###..
#####.# #....#... #.#
......... #.+ .....###.
.. ##... #.


You could see an endoplasm, a quokka, a jackal (ally target), a frilled lizard
(ally target), a friendly quokka (summoned), a friendly bat (summoned) and a
friendly rat (summoned).

Vanquished Creatures
  A ball python (D:1)
  A bat (D:1)
2 creatures vanquished.

Vanquished Creatures (collateral kills)
  2 endoplasms (D:1)
  A goblin (D:1)
  4 hobgoblins (D:1)
  A jackal (D:1)
  2 quokkas (D:1)
  A frilled lizard (D:1)
  A kobold (D:1)
12 creatures vanquished.

Grand Total: 14 creatures vanquished

Notes
Turn   | Place    | Note
-------+----------+-------------------------------------------
     0 | D:1      | freelancePsychic the Demonspawn Summoner began the quest
                  | for the Orb.
     0 | D:1      | Reached XP level 1. HP: 13/13 MP: 3/3
   408 | D:1      | Gained mutation: You sometimes gain a little power by
                  | taking damage. [demonic ancestry]
   408 | D:1      | Reached XP level 2. HP: 12/19 MP: 5/5
   907 | D:1      | Slain by a jackal

Illustrated notes

Levels and vault maps discovered:
D:1:      minmay_arrival_checkered_box, layout_rooms,
          hellmonk_ecumenical_altar_lost_god, minmay_3d_cube

Action                   || total
-------------------------++-------
Melee: Unarmed           ||    60
 Cast: Summon Small Mamm ||    23
  Use: Scroll            ||     1
 Stab: Distracted        ||     1
       Sleeping          ||     1
Armor: Robe              ||    15
Dodge: Dodged            ||    46

Table legend: (Time is in decaauts)
 A = Elapsed time spent in this place.
 B = Non-inter-level travel time spent in this place.
 C = Inter-level travel time spent in this place.
 D = Time resting spent in this place.
 E = Time spent auto-exploring this place.
 F = Levels seen in this place.
 G = Mean time per level.
                   A        B        C        D        E       F      G
               +--------+--------+--------+--------+--------+-----+--------+
         Total |    907 |    907 |      0 |      0 |    759 |   1 |  907.0 |
       Dungeon |    907 |    907 |      0 |      0 |    759 |   1 |  907.0 |
               +--------+--------+--------+--------+--------+-----+--------+

Top non-repeatable levels by time:
     D:1: 907 daAuts
